 Dungeon Crawl Stone Soup version 0.30-a0-149-g7f746667c4 (webtiles) character file.

Game seed: 6050550228586232946

140 slphil the Purveyor of Pain (level 5, 0/39 HPs)
             Began as a Mummy Necromancer on Sept 26, 2022.
             Was an Initiate of Kikubaaqudgha.
             Slain by Blork the orc
             ... wielding a +0 long sword of flaming
              (3 damage)
             ... on level 4 of the Dungeon.
             The game lasted 00:05:12 (3962 turns).

slphil the Purveyor of Pain (Mummy Necromancer)     Turns: 3962, Time: 00:05:13

Health: 0/39       AC:  5    Str: 11    XL:     5   Next: 2%
Magic:  2/11       EV: 12    Int: 17    God:    Kikubaaqudgha [......]
Gold:   198        SH:  0    Dex: 12    Spells: 4/12 levels left

rFire   x . .      SeeInvis +    c - +0 dagger
rCold   + . .      Faith    +    (no shield)
rNeg    + + +      Spirit   .    a - +0 robe
rPois   ∞          Reflect  .    (no helmet)
rElec   .          Harm     .    (no cloak)
rCorr   .          Rampage  .    b - +1 pair of gloves
Will    .....                    k - +0 pair of boots
Stlth   ++........               (no amulet)
HPRegen 0.13/turn                m - ring of see invisible
MPRegen 0.12/turn                (no ring)

@: no status effects
A: cold resistance 1, negative energy resistance 3, torment resistance 2, heat
vulnerability 1, in touch with death 1, no potions, faith
a: Renounce Religion


You were on level 4 of the Dungeon.
You worshipped Kikubaaqudgha.
Kikubaaqudgha was noncommittal.
You visited 1 branch of the dungeon, and saw 4 of its levels.

You collected 198 gold pieces.

Inventory:

Hand Weapons
 c - a +0 dagger (weapon)
Armour
 a - a +0 robe (worn)
 b - a +1 pair of gloves (worn)
 k - a +0 pair of boots (worn)
Magical Staves
 g - a staff of conjuration
Jewellery
 m - a ring of see invisible (left hand)
Scrolls
 d - 3 scrolls of fear {unknown}
 e - 3 scrolls of silence {unknown}
 f - a scroll of poison {unknown}
 h - 7 scrolls of identify {unknown}
 i - 4 scrolls of blinking {unknown}
 j - 2 scrolls of teleportation {unknown}
 l - a scroll of torment {unknown}


   Skills:
 + Level 2.4 Fighting
 - Level 1.5 Dodging
 - Level 1.5 Stealth
 + Level 4.3 Spellcasting
 + Level 4.9 Necromancy


You had 4 spell levels left.
You knew the following spells:

 Your Spells              Type           Power      Damage    Failure   Level
a - Necrotise             Necr           100%       1d9       1%          1
b - Vampiric Draining     Necr           30%        2d8       6%          3
c - Animate Dead          Necr           30%        N/A       21%         4

Your spell library contained the following spells:

 Spells                   Type           Power      Damage    Failure   Level
 Sting                    Tmut/Pois      12%        1d3       16%         1
 Ensorcelled Hibernation  Hex/Ice        6%         N/A       24%         2
 Passwall                 Tmut/Erth      2%         N/A       24%         2
 Poisonous Vapours        Pois/Air       6%         N/A       24%         2
 Swiftness                Air            3%         N/A       43%         3
 Olgreb's Toxic Radiance  Pois           3%         N/A       83%         4
 Agony                    Necr           30%        N/A       50%         5
 Summon Hydra             Summ           1%         N/A       100%        7
 Sublimation of Blood     Necr           Unusable   N/A       N/A         2
 Wereblood                Tmut           Unusable   N/A       N/A         2

Dungeon Overview and Level Annotations

Branches:
Dungeon (4/15)
 Temple: D:4-7

Altars:
Hepliaklqana
Kikubaaqudgha

Annotations:
D:3 Terance, good items, Terence
D:4 Blork the orc


Innate Abilities, Weirdness & Mutations

You are immune to poison.
Your flesh is cold resistant. (rC+)
You are immune to negative energy. (rN+++)
You are immune to unholy pain and torment.
You are vulnerable to heat. (rF-)
You are in touch with the powers of death.
You do not drink.
You have a special connection with the divine. (Faith)


Message History

You can't see any susceptible monsters within range! (Use Z to cast anyway.) Magic restored.
j - 2 scrolls labelled REUGER JUWEGA (gained 1)
You swap places.
Your ball python skeleton crumbles into dust!
You open the door.
There is an open door here.
Your hobgoblin skeleton crumbles into dust!
You see here a +0 dagger.
Blork the orc comes into view.
He is wielding a +0 long sword of flaming.
Blork the orc screams, "You are the ugliest creature I've ever seen!"
You feel a surge of power!
Blork the orc writhes in agony.
You feel a surge of power!
Blork the orc barely resists.
Blork the orc casts a spell at you. The magic dart hits you.
You feel a surge of power!
Blork the orc writhes in agony.
Blork the orc hits you with a +0 long sword of flaming!
Blork the orc burns you.
Casting: Necrotise (safe; 1% risk of failure)
Confirm with . or Enter, or press ? or * to list all spells.
Aiming: Vampiric Draining (dangerous; 6% risk of failure)
Press: ? - help, Shift-Dir - straight line, f/p - Blork the orc
Aim: Blork the orc, wielding a +0 long sword of flaming and wearing a +2 robe (lightly wounded)
You feel a surge of power!
You draw life force from Blork the orc.
You feel life coursing into your body.
Blork the orc hits you with a +0 long sword of flaming!
Blork the orc burns you.
* * * LOW HITPOINT WARNING * * *
Casting: Vampiric Draining (dangerous; 6% risk of failure)
Confirm with . or Enter, or press ? or * to list all spells.
Aiming: Vampiric Draining (dangerous; 6% risk of failure)
Press: ? - help, Shift-Dir - straight line, f/p - Blork the orc
Aim: Blork the orc, wielding a +0 long sword of flaming and wearing a +2 robe (moderately wounded)
You feel a surge of power!
You draw life force from Blork the orc!
You feel life coursing into your body.
Blork the orc hits you with a +0 long sword of flaming!
* * * LOW HITPOINT WARNING * * *
Blork the orc burns you.
You die...
Kikubaaqudgha rasps: "You have failed me!
Welcome... oblivion!"

###...# #....#.#.# .W.
..#...# ##..##.#.# ..
~.#...##########..##.#.#
.
~.#...............##.#.#
..'.############.###..).
~.#.##########...###.#.#
~.#....................#
..######.#####..........
### #.# ###@.##.... #.#
#...o........ ########.#
#.....##.##.. .......#.#
#...... ... . ######.#.#
#####.. .... .# #.#.#
#.## .. .# #.#.# #.# .
.#####.#.# #.#
.......#.#


You could see Blork the orc.

Vanquished Creatures
  A jelly (D:4)
  Jessica (D:3)
  An adder (D:2)
  3 worms
  A dart slug (D:3)
  An orc (D:4)
  5 endoplasms
  3 giant cockroaches
  6 goblins
  11 hobgoblins
  2 kobolds
  4 quokkas
  8 ball pythons
  4 bats
  A frilled lizard (D:2)
  4 rats
56 creatures vanquished.

Vanquished Creatures (collateral kills)
  A quokka (D:1)
1 creature vanquished.

Grand Total: 57 creatures vanquished

Notes
Turn   | Place    | Note
-------+----------+-------------------------------------------
     0 | D:1      | slphil the Mummy Necromancer began the quest for the Orb.
     0 | D:1      | Reached XP level 1. HP: 13/13 MP: 4/4
   363 | D:1      | Reached XP level 2. HP: 20/20 MP: 1/6
   566 | D:1      | Reached skill level 1 in Fighting
  1035 | D:1      | Gained mutation: You are in touch with the powers of death.
                  | [Mummy growth]
  1035 | D:1      | Reached XP level 3. HP: 26/26 MP: 4/7
  1079 | D:1      | Learned a level 3 spell: Vampiric Draining
  1365 | D:2      | Found a hazy altar of Hepliaklqana.
  2156 | D:3      | Noticed Jessica
  2159 | D:3      | Killed Jessica
  2160 | D:3      | Reached XP level 4. HP: 33/33 MP: 5/9
  2260 | D:3      | Learned a level 4 spell: Animate Dead
  2277 | D:3      | Noticed Terence
  2738 | D:3      | Found a faded altar of an unknown god.
  2996 | D:3      | Found an ancient bone altar of Kikubaaqudgha.
  3007 | D:3      | Became a worshipper of Kikubaaqudgha
  3625 | D:4      | Noticed a phantom
  3674 | D:4      | Reached XP level 5. HP: 39/39 MP: 2/11
  3957 | D:4      | Noticed Blork the orc
  3962 | D:4      | Slain by Blork the orc

Illustrated notes

Levels and vault maps discovered:
D:1:      dpeg_arrival_long_road, layout_loops_cross
D:2:      layout_basic, basic_altar, st_stairs_6
D:3:      layout_basic, nicolae_kikubaaqudgha_miasma_corner,
          hellmonk_ecumenical_altar_lost_god, minivault_4, uniq_jessica,
          uniq_terence
D:4:      layout_basic, mainiacjoe_overflow_tiny_flanked,
          kennysheep_generic_room_9, uniq_blork_the_orc

Skill      XL: |  1  2  3  4 |
---------------+-------------+-----
Spellcasting   | 3 4 |  4.3
Fighting       | 1 2 |  2.4
Dodging        | |  1.5
Stealth        | |  1.5
Necromancy     | |  4.9

Action                   |  1- 3 |  4- 6 || total
-------------------------+-------+-------++-------
 Cast: Necrotise         |    91 |    41 ||   132
       Vampiric Draining |       |     2 ||     2
Armor: Robe              |     3 |       ||     3
Dodge: Dodged            |     5 |     2 ||     7

Table legend: (Time is in decaauts)
 A = Elapsed time spent in this place.
 B = Non-inter-level travel time spent in this place.
 C = Inter-level travel time spent in this place.
 D = Time resting spent in this place.
 E = Time spent auto-exploring this place.
 F = Levels seen in this place.
 G = Mean time per level.
                   A        B        C        D        E       F      G
               +--------+--------+--------+--------+--------+-----+--------+
         Total |   3962 |   3875 |     87 |     73 |   3309 |   4 |  990.5 |
       Dungeon |   3962 |   3875 |     87 |     73 |   3309 |   4 |  990.5 |
               +--------+--------+--------+--------+--------+-----+--------+

Top non-repeatable levels by time:
     D:1: 1296 daAuts
     D:3: 1096 daAuts
     D:2: 889 daAuts
     D:4: 679 daAuts
